 Dungeon Crawl Stone Soup version 0.29.0-4-gdea44cf6ec (webtiles) character file.

Game seed: 9848699218647387769

434 qw the Chopper (level 7, -4/40 HPs)
             Began as a Tengu Warper on Aug 28, 2022.
             Slain by an ice beast (10 damage)
             ... on level 5 of the Dungeon.
             The game lasted 00:00:24 (4523 turns).

qw the Chopper (Tengu Warper)                       Turns: 4523, Time: 00:00:24

Health: -4/40      AC: 11    Str: 14    XL:     7   Next: 0%
Magic:  11/11      EV:  8    Int: 13    God:
Gold:   1294       SH:  8    Dex:  9    Spells: 10/10 levels left

rFire   + + .      SeeInvis .   Y - +0 war axe
rCold   x . .      Faith    .   b - +0 kite shield "Zops" {Rampage rPois Dex-4}
rNeg    . . .      Spirit   .   g - +0 fire dragon scales
rPois   +          Reflect  .   (helmet restricted)
rElec   .          Harm     .   (no cloak)
rCorr   .          Rampage  +   f - +1 pair of gloves
Will    .....                   (boots unavailable)
Stlth   ..........              (no amulet)
HPRegen 0.13/turn               (no ring)
MPRegen 0.12/turn               (no ring)

@: flying quickly and evasively, quick
A: beak, talons 3, nimble flight
a: no special abilities


You were on level 5 of the Dungeon.
You visited 1 branch of the dungeon, and saw 5 of its levels.

You collected 1294 gold pieces.


Innate Abilities, Weirdness & Mutations

You have a beak for a mouth.
You have claws for feet.
Your magical nature lets you fly swiftly and evasively.


   Skills:
 - Level 2.0 Fighting
 - Level 6.1 Axes
 - Level 1.0 Throwing
 - Level 2.4 Armour
 - Level 2.1 Dodging
 + Level 3.8 Shields
 - Level 2.0 Spellcasting
 - Level 2.4 Translocations


You had 10 spell levels left.
You didn't know any spells.
Your spell library contained the following spells:

 Spells                   Type           Power      Damage    Failure   Level
 Blink                    Tloc           14%        N/A       94%         2
 Gell's Gravitas          Tloc           7%         N/A       99%         3
 Lesser Beckoning         Tloc           7%         N/A       99%         3
 Teleport Other           Tloc           7%         N/A       99%         3
 Manifold Assault         Tloc           7%         N/A       100%        5

Inventory:

Hand Weapons
 c - a +0 whip
 Y - a +0 war axe (weapon)
Armour
 b - the +0 kite shield "Zops" (worn) {Rampage rPois Dex-4}
   (You acquired it on level 2 of the Dungeon)

   Dex:       It affects your dexterity (-4).
   rPois:     It protects you from poison.
   Rampage:   It bestows one free step when moving towards enemies.
 f - a +1 pair of gloves (worn)
 g - +0 fire dragon scales (worn)
 l - a +0 chain mail
Scrolls
 i - a scroll of identify
Potions
 a - a potion of cancellation
 d - a potion of magic {unknown}
 e - a potion of might
 h - a potion of mutation {unknown}
 j - 3 potions of curing
 k - a potion of invisibility {unknown}

Dungeon Overview and Level Annotations

Branches:
Dungeon (5/15)             Temple (0/1) D:5

Altars:
Dithmenos
Ru
Vehumet
Zin
The Shining One


Message History

You closely miss the ice beast. Your kick misses the ice beast.
The ice beast is lightly wounded.
The ice beast hits you. The ice beast freezes you!!
You feel a terrible chill!
You barely miss the ice beast.
You claw the ice beast, but do no damage.
You peck the ice beast.
The ice beast is lightly wounded.
The ice beast hits you but does no damage.
You block the ice beast's attack.
You closely miss the ice beast. Your kick misses the ice beast.
The ice beast is lightly wounded.
You block the ice beast's attack.
You completely miss the ice beast. Your kick misses the ice beast.
You peck the ice beast, but do no damage.
The ice beast is lightly wounded.
You block the ice beast's attack.
You barely miss the ice beast.
You peck the ice beast, but do no damage.
The ice beast is lightly wounded.
The ice beast barely misses you. You block the ice beast's attack.
You hit the ice beast. Your kick misses the ice beast.
The ice beast is moderately wounded.
The ice beast hits you but does no damage.
You barely miss the ice beast.
You claw the ice beast, but do no damage.
Your peck misses the ice beast.
The ice beast is moderately wounded.
You block the ice beast's attack.
You hit the ice beast. Your kick misses the ice beast.
Your peck misses the ice beast.
The ice beast is heavily wounded.
The ice beast hits you but does no damage. x2
You closely miss the ice beast. Your peck misses the ice beast.
The ice beast is heavily wounded.
You block the ice beast's attack.
You hit the ice beast.
The ice beast is severely wounded.
The ice beast hits you but does no damage.
The ice beast hits you. The ice beast freezes you!
You feel a terrible chill!
You die...

### >.. #.#
... #.###
#.).####
#@Y..######
####......##
#.......#
#)<.....#
#./..h..#
##..##.##
#..# .#
..... .
......+


You could see an ice beast.

Vanquished Creatures
  A black bear (D:5)
  A phantom (D:4)
  A scorpion (D:3)
  A howler monkey (D:5)
  An orc priest (D:5)
  An adder (D:2)
  4 gnolls (D:4)
  2 worms
  6 dart slugs
  5 orcs
  6 ball pythons
  6 endoplasms
  6 giant cockroaches
  10 goblins
  6 hobgoblins
  5 jackals (D:1)
  3 kobolds
  3 quokkas
  3 bats (D:1)
  3 frilled lizards
  6 rats
80 creatures vanquished.

Vanquished Creatures (others)
  4 plants (D:1)
4 creatures vanquished.

Grand Total: 84 creatures vanquished

Notes
Turn   | Place    | Note
-------+----------+-------------------------------------------
     0 | D:1      | qw the Tengu Warper began the quest for the Orb.
     0 | D:1      | Reached XP level 1. HP: 12/12 MP: 4/4
     0 | D:1      | 0 ||| qw: Version: 0.1-a-89-g26bdef1
     0 | D:1      | 0 ||| qw: Game counter: 2237
     0 | D:1      | 0 ||| qw: Always use a shield: true
     0 | D:1      | 0 ||| qw: God list: Okawaru
     0 | D:1      | 0 ||| qw: Allow faded altars: false
     0 | D:1      | 0 ||| qw: Do Orc after D:15 true
     0 | D:1      | 0 ||| qw: Do second Lair branch before Depths: true
     0 | D:1      | 0 ||| qw: Lair rune preference: random
     0 | D:1      | 0 ||| qw: Plans: Normal
     0 | D:1      | 0 ||| PLANNING D:1-11
    41 | D:1      | 41 ||| Stepping ~*~*~tactically~*~*~ (stealth).
    43 | D:1      | 43 ||| Stepping ~*~*~tactically~*~*~ (stealth).
    78 | D:1      | 78 ||| Stepping ~*~*~tactically~*~*~ (hiding).
    84 | D:1      | Reached skill level 3 in Axes
    84 | D:1      | Reached XP level 2. HP: 17/17 MP: 6/6
   472 | D:1      | Reached XP level 3. HP: 21/21 MP: 7/7
   512 | D:1      | Reached skill level 4 in Axes
   524 | D:1      | 524 ||| Stepping ~*~*~tactically~*~*~ (stealth).
   897 | D:1      | Found a faded altar of an unknown god.
  1275 | D:1      | 1275 ||| DROPPING orb of wrath.
  1276 | D:1      | 1276 ||| UPGRADING to +0 fire dragon scales.
  1286 | D:1      | 1286 ||| DROPPING +0 leather armour.
  1287 | D:1      | 1287 ||| READING 2 scrolls labelled CASAETH RUTE.
  1291 | D:1      | 1291 ||| READING 2 scrolls labelled ADIHEE SUMOEXECUC.
  1292 | D:1      | 1292 ||| READING scroll labelled BYECRO MYMEKIC.
  1293 | D:1      | 1293 ||| DROPPING scroll of blinking.
  1314 | D:2      | 1314 ||| Stepping ~*~*~tactically~*~*~ (hiding).
  1457 | D:2      | 1457 ||| DROPPING +0 club.
  1472 | D:2      | 1472 ||| Stepping ~*~*~tactically~*~*~ (stealth).
  1476 | D:2      | Reached XP level 4. HP: 26/26 MP: 8/8
  1925 | D:2      | 1925 ||| READING scroll labelled ZISHUOMETU.
  1926 | D:2      | 1926 ||| READING scroll labelled HUOBLYVOLL.
  1927 | D:2      | 1927 ||| READING scroll labelled QUKHYS UCRUO.
  1928 | D:2      | 1928 ||| READING scroll labelled MEUFOR OCAE.
  1928 | D:2      | Identified a scroll of acquirement
  1928 | D:2      | 1928 ||| ACQUIRING +0 kite shield "Zops" {Rampage rPois
                  | Dex-4}
  1928 | D:2      | Acquired the +0 kite shield "Zops" {Rampage rPois Dex-4}
  1930 | D:2      | 1930 ||| UPGRADING to +0 kite shield "Zops" {Rampage rPois
                  | Dex-4}.
  1935 | D:2      | 1935 ||| DRINKING 2 glowing pink potions.
  1936 | D:2      | 1936 ||| DRINKING 2 sedimented yellow potions.
  1937 | D:2      | 1937 ||| DROPPING potion of flight.
  1973 | D:3      | Noticed a scorpion
  1985 | D:3      | Killed a scorpion
  1986 | D:3      | Gained mutation: Your magical nature lets you fly swiftly
                  | and evasively. [Tengu growth]
  1986 | D:3      | Reached XP level 5. HP: 12/30 MP: 9/9
  1989 | D:3      | 1989 ||| FLEEEEING.
  1990 | D:3      | HP: 7/30 [poisoned by a scorpion]
  1993 | D:3      | 1993 ||| STAIRDANCE
  2243 | D:3      | 2243 ||| Stepping ~*~*~tactically~*~*~ (stealth).
  2359 | D:3      | Found a radiant altar of Vehumet.
  2362 | D:3      | Found a shadowy altar of Dithmenos.
  2417 | D:3      | 2417 ||| READING scroll of acquirement.
  2417 | D:3      | 2417 ||| ACQUIRING 1023 gold pieces
  2417 | D:3      | Acquired 1023 gold pieces
  2451 | D:3      | 2451 ||| Stepping ~*~*~tactically~*~*~ (hiding).
  2601 | D:3      | Found a sacrificial altar of Ru.
  2604 | D:3      | Found a glowing silver altar of Zin.
  2782 | D:3      | Found a glowing golden altar of the Shining One.
  2851 | D:3      | 2851 ||| SWAPPING to +0 war axe.
  2855 | D:3      | 2855 ||| DROPPING +0 hand axe.
  3237 | D:3      | 3237 ||| UPGRADING to +1 pair of gloves.
  3242 | D:3      | 3242 ||| READING scroll labelled BAUWISAI LESAMUNE.
  3243 | D:3      | 3243 ||| READING scroll labelled BOEWAQ PEGONOCH.
  3244 | D:3      | 3244 ||| READING scroll labelled ZAKEOGEREO.
  3245 | D:3      | 3245 ||| DRINKING 4 fizzy yellow potions.
  3269 | D:3      | 3269 ||| DROPPING 3 potions of lignification.
  3641 | D:4      | 3641 ||| DROPPING +2 antimagic hand axe.
  3704 | D:4      | Noticed a phantom
  3721 | D:4      | Killed a phantom
  3722 | D:4      | Reached skill level 3 in Shields
  3722 | D:4      | Reached XP level 6. HP: 22/35 MP: 10/10
  3911 | D:4      | Reached skill level 5 in Axes
  3916 | D:4      | HP: 5/35 [gnoll/+0 spear[a gnoll bouda] (5)]
  3917 | D:4      | 3917 ||| READING scroll of teleportation.
  3918 | D:4      | HP: 1/35 [gnoll/+0 spear[a gnoll bouda] (2)]
  4353 | D:4      | 4353 ||| READING 2 scrolls of identify.
  4353 | D:4      | 4353 ||| IDENTIFYING coppery potion
  4373 | D:5      | Entered Level 5 of the Dungeon
  4382 | D:5      | 4382 ||| Stepping ~*~*~tactically~*~*~ (stealth).
  4383 | D:5      | 4383 ||| Stepping ~*~*~tactically~*~*~ (stealth).
  4384 | D:5      | 4384 ||| Stepping ~*~*~tactically~*~*~ (stealth).
  4399 | D:5      | 4399 ||| STAIRDANCE
  4406 | D:4      | 4406 ||| DRINKING 2 brown potions.
  4408 | D:5      | Noticed a black bear
  4410 | D:5      | 4410 ||| STAIRDANCE
  4449 | D:5      | Killed a black bear
  4450 | D:5      | Reached skill level 6 in Axes
  4468 | D:5      | Found a staircase to the Ecumenical Temple.
  4469 | D:5      | 4469 ||| PLANNING TEMPLE
  4469 | D:5      | 4469 ||| Stepping ~*~*~tactically~*~*~ (hiding).
  4472 | D:5      | 4472 ||| Stepping ~*~*~tactically~*~*~ (hiding).
  4483 | D:5      | Reached XP level 7. HP: 24/40 MP: 11/11
  4514 | D:5      | HP: 8/40 [ice beast (18)]
  4523 | D:5      | HP: 6/40 [ice beast (4)]
  4523 | D:5      | Slain by an ice beast

Levels and vault maps discovered:
D:1:      matt_arrival_spirals, layout_loops_ring,
          hellmonk_ecumenical_altar_inner_sanctum, serial_bayou_lagoon_b
D:2:      layout_basic
D:3:      layout_loops_corners, nicolae_tso_swordbearing_angel,
          grunt_temple_overflow_cloverleaf
D:4:      layout_gridville, minmay_misc_feat_rugged
D:5:      layout_gridville, amethyst_overflow_temple_binary,
          minmay_temple_entry_proselytizer

Skill      XL: |  1  2  3  4  5  6 |
---------------+-------------------+-----
Axes           | 3 4 6 |  6.1
Shields        | 2 3 |  3.8
Armour         | 2 |  2.4
Fighting       | |  2.0
Throwing       | |  1.0
Dodging        | |  2.1
Spellcasting   | |  2.0
Translocations | |  2.4

Action                   |  1- 3 |  4- 6 |  7- 9 || total
-------------------------+-------+-------+-------++-------
Melee: Hand axe          |    77 |    23 |       ||   100
       Kick              |    16 |    30 |     2 ||    48
       Peck              |    15 |    20 |     4 ||    39
       War axe           |       |    79 |    11 ||    90
Throw: Boomerang         |     7 |       |       ||     7
  Use: Scroll            |     3 |    10 |       ||    13
       Potion            |       |     4 |       ||     4
Armor: Leather armour    |    18 |       |       ||    18
       Fire dragon scale |     3 |    44 |     5 ||    52
Dodge: Dodged            |    48 |    30 |     2 ||    80
Block: Kite shield       |       |    31 |     6 ||    37

Table legend:
 A = Non-vault XP
 B = Vault XP
 C = Vault XP percentage of total XP
 D = Non-vault monster count
 E = Vault monster count
 F = Vault count percentage of total count
                 A         B        C        D         E       F
            +---------+---------+-------+---------+---------+-------
      Total |     578 |      43 |   6.9 |      79 |       1 |   1.2
            +---------+---------+-------+---------+---------+-------
        D:1 |      61 |       0 |   0.0 |      33 |       0 |   0.0
        D:2 |      40 |       0 |   0.0 |      14 |       0 |   0.0
        D:3 |     100 |       0 |   0.0 |       9 |       0 |   0.0
        D:4 |     189 |       0 |   0.0 |      18 |       0 |   0.0
        D:5 |     188 |      43 |  18.6 |       5 |       1 |  16.7
            +---------+---------+-------+---------+---------+-------
